 Dungeon Sprint DCSS version 0.18-a0-1551-g40744a8 (webtiles) character file.

1516 pipel the Devastator (level 8, -3/43 HPs)
             Began as a Tengu Conjurer on Mar 11, 2016.
             Was a High Priest of Vehumet.
             Slain by an unseen horror (5 damage)
             ... in the Dungeon (Sprint VII: "The Pits").
             The game lasted 00:12:45 (1094 turns).

pipel the Devastator (Tengu Conjurer)               Turns: 1094, Time: 00:12:45

Health: -3/43      AC:  2    Str:  8    XL:     8   Next: 83%
Magic:  9/24       EV: 13    Int: 17    God:    Vehumet [*****.]
Gold:   0          SH:  0    Dex: 16    Spells: 8 memorised, 5 levels left

rFire  . . .     SeeInvis .     b - staff of energy
rCold  . . .     Gourm    .     t - +0 robe
rNeg   . . .     Faith    .     (no shield)
rPois  .         Spirit   .     (helmet restricted)
rElec  .         Dismiss  .     (no cloak)
rCorr  .         Reflect  .     (no gloves)
SustAt .         Harm     .     (boots unavailable)
MR     .....     NoTele   +     (no amulet)
Stlth  ++........               (no ring)
                                (no ring)

@: very slightly contaminated, not resistant to hostile enchantments, unstealthy
A: beak, talons 3, able to fly 1
a: Fly, Renounce Religion


You were in the Dungeon.
You worshipped Vehumet.
Vehumet was extremely pleased with you.
You were not hungry.

You visited 1 branch

Inventory:

Hand Weapons
 a - a +1 quarterstaff of protection
 j - a +0 spear of venom
 u - a +2 mace of venom
 B - the +2 scimitar "Impbane" {slice, Int+4}
   (You found it in the Dungeon)

   It inflicts extra damage upon your enemies.
   It affects your intelligence (+4).
Missiles
 n - 10 stones (quivered)
Armour
 t - a +0 robe (worn)
 v - a +3 ring mail
Magical Staves
 b - an uncursed staff of energy (weapon)
Jewellery
 w - a +3 ring of evasion
 y - a +3 ring of protection
Scrolls
 p - 2 scrolls of remove curse
 q - 5 scrolls of amnesia
 r - a scroll of summoning
 s - 2 scrolls of vulnerability
Potions
 d - 6 potions of curing
 e - 9 potions of heal wounds
 f - 3 potions of haste
 g - 3 potions of magic
 h - 4 potions of berserk rage
 m - 2 potions of invisibility
 x - a potion of agility
 z - a potion of brilliance
 A - 2 potions of might
Books
 o - a book of Conjurations

   Spells                             Type                      Level
   a - Magic Dart                     Conjuration                  1
   b - Searing Ray                    Conjuration                  2
   c - Dazzling Spray                 Conjuration/Hexes            3
   d - Fulminant Prism                Conjuration/Hexes            4
   e - Iskenderun's Mystic Blast      Conjuration                  4
   f - Iskenderun's Battlesphere      Conjuration/Charms           5
Comestibles
 c - 7 bread rations
 k - 40 fruits
 l - 7 meat rations
 C - a chunk of flesh


   Skills:
 + Level 1.2 Fighting
 + Level 3.2 Dodging
 - Level 2.0 Stealth
 * Level 11.3 Spellcasting
 + Level 18.0 Conjurations


You had 5 spell levels left.
You knew the following spells:

 Your Spells              Type           Power        Failure   Level  Hunger
a - Magic Dart            Conj           ####         0%          1    None
b - Sting                 Conj/Pois      ####         1%          1    None
c - Shock                 Conj/Air       ####         1%          1    None
d - Iskenderun's Battles  Conj/Chrm      #####...     2%          5    None
e - Iskenderun's Mystic   Conj           ######..     1%          4    None
f - Sticky Flame          Conj/Fire      #####...     1%          4    None
g - Dazzling Spray        Conj/Hex       #####...     1%          3    None
h - Fireball              Conj/Fire      #####.....   2%          5    None


Dungeon Overview and Level Annotations

Branches:
Dungeon (1/1)

Altars:
Ashenzari
Cheibriados
Dithmenos
Elyvilon
Fedhas
Gozag
Kikubaaqudgha
Makhleb
Nemelex Xobeh
Okawaru
Pakellas
Qazlal
Ru
Sif Muna
Trog
Vehumet
Xom
Yredelemnul
Zin
The Shining One
Beogh
Jiyva
Lugonu


Innate Abilities, Weirdness & Mutations

You have a beak for a mouth.
You have claws for feet.
You can fly.


Message History

Confirm with . or Enter, or press ? or * to list all spells.
Aiming: Fireball
Press: ? - help, Shift-Dir - straight line The fireball explodes!
You now have 19/24 mp.
Casting: Fireball
Confirm with . or Enter, or press ? or * to list all spells.
Aiming: Fireball
Press: ? - help, Shift-Dir - straight line The fireball explodes!
The fireball engulfs something.
Something hits you.
* * * LOW HITPOINT WARNING * * *
You take 5 damage, and have 2/43 hp.
You now have 14/24 mp.
Read which item? (? for menu, Esc to quit)
Okay, then.
Casting: Fireball
Confirm with . or Enter, or press ? or * to list all spells.
Aiming: Fireball
Press: ? - help, Shift-Dir - straight line The fireball explodes!
The fireball engulfs something.
Something hits you.
You die...

####'#####'#####''#####
.....##.......##''#
.....##.......##..#
##'####.......##..#
.....##...<...##..#### #+#
.....##.......##..#..#####.##
.....##.......##..#....##...#
#######.......##..'.....#...#
..#.. ##########@.'..)..'...+
..#.############..'.....#...#
..#)#....#..[[##..#....##...#
.##'#)...#..[[##..#..#####.##
..#.††...'..).##..#### #'#
..#'#....#..))##..# ...
..'.#....#..))##..# .....
################### #######


There were no monsters in sight!

Vanquished Creatures
  An elephant (D)
  A small abomination (D)
  A ynoxinul (D)
  2 vampire mosquitoes (D)
  A hippogriff (D)
  A necrophage (D)
  A phantom (D)
  A big kobold (D)
  A giant frog (D)
  A gnoll sergeant (D)
  A crimson imp (D)
  A quasit (D)
  An orc priest (D)
  A mummy (D)
  3 gnolls (D)
  An adder (D)
  2 giant eyeballs (D)
  An adder zombie (D)
  A worm (D)
  An orc (D)
  A bat (D)
  A giant cockroach (D)
  A goblin (D)
  A hobgoblin (D)
  A kobold (D)
  A ball python (D)
  2 giant newts (D)
  A rat (D)
33 creatures vanquished.

Notes
Turn   | Place    | Note
--------------------------------------------------------------
     0 | D        | pipel the Tengu Conjurer began the quest for the Orb.
     0 | D        | Reached XP level 1. HP: 10/10 MP: 4/4
    52 | D        | Found a sacrificial altar of Ru.
    52 | D        | Found a basalt altar of Yredelemnul.
    52 | D        | Found a glowing golden altar of the Shining One.
    52 | D        | Found a deep blue altar of Sif Muna.
    52 | D        | Found a burning altar of Makhleb.
    52 | D        | Found an ancient bone altar of Kikubaaqudgha.
    52 | D        | Found a glowing silver altar of Zin.
    53 | D        | Found a shadowy altar of Dithmenos.
    53 | D        | Found a bloodstained altar of Trog.
    53 | D        | Found a shattered altar of Ashenzari.
    53 | D        | Found a white marble altar of Elyvilon.
    53 | D        | Found a snail-covered altar of Cheibriados.
    53 | D        | Found a blossoming altar of Fedhas.
    53 | D        | Found a radiant altar of Vehumet.
    53 | D        | Found a shimmering altar of Xom.
    53 | D        | Found a sparkling altar of Nemelex Xobeh.
    53 | D        | Found a corrupted altar of Lugonu.
    53 | D        | Found a viscous altar of Jiyva.
    53 | D        | Found a roughly hewn altar of Beogh.
    53 | D        | Found an iron altar of Okawaru.
    54 | D        | Found an oddly glowing altar of Pakellas.
    60 | D        | Found a stormy altar of Qazlal.
    60 | D        | Found an opulent altar of Gozag.
    62 | D        | Became a worshipper of Vehumet
   104 | D        | Reached * piety under Vehumet
   104 | D        | Offered knowledge of Sting by Vehumet.
   104 | D        | Reached XP level 2. HP: 15/15 MP: 3/8
   107 | D        | Learned a level 1 spell: Sting
   164 | D        | Reached ** piety under Vehumet
   164 | D        | Offered knowledge of Shock by Vehumet.
   178 | D        | Reached skill level 6 in Conjurations
   204 | D        | Learned a level 1 spell: Shock
   246 | D        | Offered knowledge of Throw Flame by Vehumet.
   246 | D        | Reached skill level 5 in Spellcasting
   246 | D        | Reached skill level 7 in Conjurations
   246 | D        | Reached XP level 3. HP: 19/19 MP: 2/10
   318 | D        | Noticed a phantom
   339 | D        | Killed a phantom
   339 | D        | Reached *** piety under Vehumet
   339 | D        | Reached skill level 10 in Conjurations
   339 | D        | Reached XP level 4. HP: 24/24 MP: 4/13
   339 | D        | Gained mutation: You can fly. [Tengu growth]
   339 | D        | Reached XP level 5. HP: 28/28 MP: 4/14
   364 | D        | Learned a level 5 spell: Iskenderun's Battlesphere
   369 | D        | Learned a level 4 spell: Iskenderun's Mystic Blast
   410 | D        | Offered knowledge of Sticky Flame by Vehumet.
   414 | D        | Reached skill level 11 in Conjurations
   421 | D        | Reached **** piety under Vehumet
   439 | D        | Learned a level 4 spell: Sticky Flame
   446 | D        | Noticed a necrophage
   452 | D        | Killed a necrophage
   452 | D        | Offered knowledge of Throw Icicle by Vehumet.
   452 | D        | Reached skill level 12 in Conjurations
   452 | D        | Reached XP level 6. HP: 19/32 MP: 9/17
   594 | D        | Noticed a small abomination
   607 | D        | Killed a small abomination
   607 | D        | Reached skill level 14 in Conjurations
   823 | D        | Reached ***** piety under Vehumet
   823 | D        | Offered knowledge of Irradiate by Vehumet.
   823 | D        | Reached XP level 7. HP: 36/36 MP: 17/20
   839 | D        | Noticed an elephant
   841 | D        | Reached skill level 15 in Conjurations
   842 | D        | Noticed a hippogriff
   845 | D        | Killed an elephant
   845 | D        | Reached skill level 10 in Spellcasting
   845 | D        | Reached skill level 16 in Conjurations
   845 | D        | Reached XP level 8. HP: 37/41 MP: 3/23
   846 | D        | Reached skill level 17 in Conjurations
   885 | D        | Got the +2 scimitar "Impbane" {slice, Int+4}
   940 | D        | Learned a level 3 spell: Dazzling Spray
  1002 | D        | Offered knowledge of Fireball by Vehumet.
  1012 | D        | Learned a level 5 spell: Fireball
  1076 | D        | Noticed a ynoxinul
  1081 | D        | Reached skill level 1 in Fighting
  1081 | D        | Killed a ynoxinul
  1081 | D        | Reached skill level 18 in Conjurations
  1093 | D        | HP: 2/43 [something (5)]
  1094 | D        | Slain by an unseen horror

Vault maps used:
D:        pitsprint

Skill      XL: |  1  2  3  4  5  6  7  8 |
---------------+-------------------------+-----
Spellcasting   | 4 5 6 7 8 10 11 | 11.3
Conjurations   | 7 10 12 14 16 18 | 18.0
Fighting       | 1 |  1.2
Dodging        | 3 |  3.2
Stealth        | |  2.0

Action                   |  1- 3 |  4- 6 |  7- 9 || total
-------------------------+-------+-------+-------++-------
Melee: Mace              |     8 |       |       ||     8
       Quarterstaff      |     4 |     6 |       ||    10
       Staff             |       |     1 |       ||     1
 Cast: Magic Dart        |    21 |     7 |    16 ||    44
       Iskenderun's Myst |       |     7 |     8 ||    15
       Iskenderun's Batt |       |     5 |     4 ||     9
       Sticky Flame      |       |     2 |     2 ||     4
       Fireball          |       |       |     4 ||     4
Evoke: Staff of energy   |       |    20 |    12 ||    32
  Use: Scroll            |     1 |       |     1 ||     2
       Potion            |       |       |     2 ||     2
 Stab: Sleeping          |       |     1 |       ||     1
  Eat: Bread ration      |       |     1 |       ||     1
